 Dungeon Crawl Stone Soup version 0.28.0-53-g5a82cb258f (webtiles) character file.

Game seed: 4300616218899077049

60 LynnLen the Sneak (level 3, -6/20 HPs)
             Began as a Vampire Enchanter on July 23, 2022.
             Mangled by an ogre
             ... wielding a +0 giant club
              (21 damage)
             ... on level 3 of the Dungeon.
             The game lasted 00:05:36 (2130 turns).

LynnLen the Sneak (Vampire Enchanter)               Turns: 2130, Time: 00:05:37

Health: -6/20      AC:  4    Str:  7    XL:     3   Next: 82%
Magic:  4/6        EV: 12    Int: 17    God:
Gold:   104        SH:  0    Dex: 16    Spells: 0/6 levels left

rFire   . . .      SeeInvis +   a - +1 dagger
rCold   + + .      Faith    .   (no shield)
rNeg    + + +      Spirit   .   e - +1 leather armour
rPois   ∞          Reflect  .   (no helmet)
rElec   .          Harm     .   (no cloak)
rCorr   .          Rampage  .   (no gloves)
Will    .....                   (no boots)
Stlth   +++++.....              (no amulet)
HPRegen 0.00/turn               (no ring)
MPRegen 0.10/turn               (no ring)

@: bloodless, inhibited regen
A: bloodless, fangs 3, see invisible, vampiric 2
a: Bat Form, Revivify


You were on level 3 of the Dungeon.
You visited 1 branch of the dungeon, and saw 3 of its levels.

You collected 104 gold pieces.

Inventory:

Hand Weapons
 a - a +1 dagger (weapon)
Missiles
 d - 3 poisoned darts (quivered)
Armour
 b - a +0 robe
 e - a +1 leather armour (worn)
Jewellery
 i - an amulet of faith
Scrolls
 g - a scroll of vulnerability {unknown}
Potions
 h - a potion of curing


   Skills:
 * Level 1.3 Fighting
 * Level 2.0 Short Blades
 + Level 2.6 Dodging
 + Level 5.5 Stealth
 * Level 2.1 Spellcasting
 * Level 4.6 Hexes


You couldn't memorise any spells.
You knew the following spells:

 Your Spells              Type           Power      Damage    Failure   Level
a - Confusing Touch       Hex            17%        N/A       13%         3
b - Dazzling Flash        Conj/Hex       18%        N/A       34%         3

Your spell library contained the following spells:

 Spells                   Type           Power      Damage    Failure   Level
 Tukima's Dance           Hex            17%        N/A       13%         3
 Ensorcelled Hibernation  Hex/Ice        18%        N/A       17%         2


Dungeon Overview and Level Annotations

Branches:
Dungeon (3/15)

Altars:


Innate Abilities, Weirdness & Mutations

You do not regenerate when monsters are visible.
You are frail without blood (-20% HP).
You can heal yourself when you bite living creatures.
You are immune to poison.
You have razor-sharp teeth.
You have supernaturally acute eyesight. (SInv)
You are afflicted with vampirism and can become a bat while bloodless.


Message History

The rat is severely wounded.
The rat bites you but does no damage.
You hit the rat.
You kill the rat!
You see here a rat corpse.
There is a stone staircase leading down here.
A goblin and an ogre come into view.
The goblin shouts!
You hear a shout! x2
A goblin comes into view. It is wielding a +0 dagger.
You hit the goblin. You bite the goblin.
You kill the goblin!
Your Short Blades skill increases to level 2!
Things that are here:
a +0 club; a goblin corpse
There is a stone staircase leading down here.
You see here a rat corpse.
You see here a rat corpse.
Key pressed, stopping explore.
You see here 4 gold pieces.
An ogre is nearby!
An ogre is nearby!
Cast which spell? (? or * to list)
The spell is extremely dangerous to miscast (13% risk of failure)!
Continue anyway?
Your hands begin to glow red.
The ogre shouts!
You hit the ogre but do no damage. The ogre hits you with a +0 giant club.
You hit the ogre but do no damage.
A kobold comes into view. It is wielding a +0 short sword.
The kobold shouts!
You hit the ogre but do no damage. The ogre hits you with a +0 giant club.
You hit the ogre but do no damage.
The ogre appears confused.
You bite the ogre.
You draw the ogre's blood!
You feel better.
The ogre is lightly wounded.
The kobold throws a stone.
The stone barely misses you.
You hit the ogre. Your bite misses the ogre.
The ogre is moderately wounded.
The ogre laughs crazily.
The ogre hits you with a +0 giant club!!
Ouch! That really hurt!
You die...

... . .. . .. .### #. #.
###...# #.####.#....#..
......K........ ..#
#......O....... ......
...#...@....... ...>...
...#.......#####........
..........## #........
.###.......#####........
#....$...............
##...................
#.......8...........
##...................
###..#............###..


You could see an ogre (confused) and a kobold.

Vanquished Creatures
  An adder (D:2)
  A worm (D:2)
  2 dart slugs
  2 ball pythons
  3 bats
  2 endoplasms (D:1)
  6 giant cockroaches
  7 goblins
  A hobgoblin (D:1)
  2 jackals (D:1)
  5 kobolds
  2 quokkas
  2 frilled lizards (D:1)
  4 rats
40 creatures vanquished.

Vanquished Creatures (others)
  A bat (D:1)
  A withered plant (D:3)
2 creatures vanquished.

Grand Total: 42 creatures vanquished

Notes
Turn   | Place    | Note
-------+----------+-------------------------------------------
     0 | D:1      | LynnLen the Vampire Enchanter began the quest for the Orb.
     0 | D:1      | Reached XP level 1. HP: 13/13 MP: 3/3
   141 | D:1      | Reached XP level 2. HP: 16/16 MP: 5/5
   301 | D:1      | Reached skill level 5 in Stealth
  1192 | D:2      | Gained mutation: You are afflicted with vampirism and can
                  | become a bat while bloodless. [Vampire growth]
  1192 | D:2      | Reached XP level 3. HP: 19/20 MP: 6/6
  1196 | D:2      | Learned a level 3 spell: Confusing Touch
  1200 | D:2      | Learned a level 3 spell: Dazzling Flash
  1313 | D:2      | Reached skill level 1 in Fighting
  1333 | D:2      | Noticed a golden eye
  1339 | D:2      | Noticed an eye of devastation
  1341 | D:2      | Found a faded altar of an unknown god.
  1343 | D:2      | Noticed a floating eye
  1344 | D:2      | Noticed a great orb of eyes
  2075 | D:3      | Noticed an ogre
  2130 | D:3      | Mangled by an ogre

Illustrated notes

Levels and vault maps discovered:
D:1:      ebering_hopf_link, layout_basic, minmay_hexomino_p4
D:2:      layout_basic, hellmonk_ecumenical_altar_watching_god,
          nrook_mini_vaults
D:3:      layout_rooms, serial_undead, serial_undead_c, serial_undead_a,
          serial_undead_a, serial_undead_b, serial_undead_d, serial_undead_d,
          serial_undead_e, serial_undead_b, serial_undead_e, serial_undead_f,
          minmay_lizard_king, uniq_robin

Skill      XL: |  1  2  3 |
---------------+----------+-----
Stealth        | 5 |  5.5
Fighting       | 1 |  1.3
Short Blades   | 2 |  2.0
Dodging        | |  2.6
Spellcasting   | |  2.1
Hexes          | |  4.6

Action                   || total
-------------------------++-------
Melee: Dagger            ||   141
       Bite              ||    12
       Punch             ||     2
 Cast: Confusing Touch   ||     1
 Abil: Exsanguinate      ||     1
  Use: Scroll            ||     6
       Potion            ||     1
 Stab: Sleeping          ||    18
       Distracted        ||     1
Armor: Robe              ||     9
       Leather armour    ||    21
Dodge: Dodged            ||    96
